Cogmind - Beta 10.2 @@@ ROGUE MODE // 2021.07.13 @ 17:05:05 Player: zapruda Result: Destroyed by G-47 Trooper with Particle Gun Performance ------------- Evolutions (2) 1000 Regions Visited (6) 1200 Robots Destroyed (56) 280 Value Destroyed (1312) 1312 Prototype IDs (24) 480 Alien Tech Used (0) 0 Bonus (535) 535 TOTAL SCORE: 4807 Bonus ------- High Alert Combat Kills 35 Entered Garrisons 200 Aligned with FarCom 300 Cogmind --------- Core Integrity 0/550 Matter 280/300 Energy 2/565 System Corruption 3% Temperature Cool (9) Movement Walking (180) Ox2 Location -8/Garrison Parts ------- > --- POWER (1) -------- Improved Ion Engine > --- PROPULSION (3) --- Aluminum Leg Aluminum Leg Cesium-ion Thruster > --- UTILITY (5) ------ Improved Cooling System Improved Cooling System High-capacity Storage Unit Compact Battery Cloak of Protection > --- WEAPON (2) ------- (None) > --- INVENTORY (12) --- Medium Storage Unit Large Storage Unit Terrain Scanner Peak State ------------ > --- POWER ------------ Improved Ion Engine > --- PROPULSION ------- Aluminum Leg Aluminum Leg Cesium-ion Thruster > --- UTILITY ---------- Improved Cooling System Improved Cooling System High-capacity Storage Unit Compact Battery Cloak of Protection > --- WEAPON ----------- (None) > --- INVENTORY -------- Medium Storage Unit Large Storage Unit Terrain Scanner [Rating: 27] Favorites ----------- Power Light Nuclear Core Engine Improved Ion Engine Power Core Light Nuclear Core Propulsion Light Treads Treads Light Treads Leg Aluminum Leg Hover Unit Improved Hover Unit Flight Unit Cesium-ion Thruster Utility Utility Shielding Device Improved Cooling System Storage Large Storage Unit Processor Terrain Scan Processor Protection Utility Shielding Weapon Beam Rifle Energy Gun Beam Rifle Energy Cannon Light EM Pulse Cannon Ballistic Gun Assault Rifle Launcher Grenade Launcher Slashing Weapon Makeshift Sword Build | -11 -10 -10 -10 -9 -8 -8 ------- Run | Scr Mat Min Exi Min Mat Gar Slots Evolved 4 | . . . . . 4 . Power . | . . . . . . . Propulsion 1 | . . . . . 1 . Utility 3 | . . . . . 3 . Weapon . | . . . . . . . Parts Attached 60 | 7 1 12 1 2 26 11 Power 8 | 1 . 3 . . 3 1 Engine 6 | 1 . 1 . . 3 1 Core 2 | . . 2 . . . . Reactor . | . . . . . . . Propulsion 16 | 2 . 3 . . 8 3 Treads 9 | 2 . 3 . . 4 . Leg 5 | . . . . . 3 2 Wheel . | . . . . . . . Hover 1 | . . . . . 1 . Flight 1 | . . . . . . 1 Utility 19 | 2 1 2 1 2 6 5 Device 9 | 1 . . . 1 3 4 Storage 6 | 1 1 1 1 . 1 1 Processor 2 | . . . . . 2 . Hackware . | . . . . . . . Protection 2 | . . 1 . 1 . . Artifact . | . . . . . . . Weapon 17 | 2 . 4 . . 9 2 Energy Gun 5 | . . 2 . . 3 . Energy Cannon 1 | . . . . . . 1 Ballistic Gun 3 | 2 . 1 . . . . Ballistic Cannon . | . . . . . . . Launcher 6 | . . 1 . . 5 . Special Weapon . | . . . . . . . Impact Weapon . | . . . . . . . Slashing Weapon 2 | . . . . . 1 1 Piercing Weapon . | . . . . . . . Special Melee Weapon . | . . . . . . . Unidentified Prototypes 1 | . . . . . 1 . Parts Lost 19 | . . 4 . . 13 2 Power 3 | . . 1 . . 2 . Propulsion 6 | . . . . . 6 . Utility 2 | . . 1 . . . 1 Weapon 8 | . . 2 . . 5 1 Highest Loss Streak 3 | . . 3 . . 3 2 Average Slot Usage (%) 97 | . 100 99 100 100 92 75 Engine 3 | . 14 3 . . 6 4 Core 8 | . . 10 14 14 1 . Treads 24 | . 28 28 28 28 18 . Leg 1 | . . . . . 4 15 Device 3 | . 14 1 . . 7 9 Storage 12 | . 14 14 14 14 9 11 Processor 4 | . . . . . 17 9 Protection 11 | . . 12 14 13 9 8 Energy Gun 8 | . . 7 14 14 5 . Ballistic Gun 6 | . 28 14 . . . . Launcher 8 | . . 5 14 14 7 4 Slashing Weapon 1 | . . . . . 4 6 Naked Turns . | . . . . . . . Heaviest Build 52 | 14 18 20 28 35 45 52 Greatest Support 60 | 40 40 40 40 40 60 30 Greatest Overweight (x) 11 | . . . . . 3 11 Average Overweight (x) . | . . . . . . 1 Largest Inventory Capacity 12 | 6 8 8 10 10 12 12 Average Capacity 8 | 5 6 8 8 10 10 12 Most Carried 10 | 5 8 8 8 10 10 7 Average Carried 6 | 1 5 6 7 8 7 5 Final Capacity 12 | 6 8 8 10 10 12 12 Final Carried 9 | 5 8 6 8 9 6 3 Class Distribution -------------------- 76% | Scavenger-Mutant 23% | Mutant Dominant Class ---------------- Mutant | -10/Materials Scavenger-Mutant | -10/Mines Scavenger-Mutant | -10/Exiles Scavenger-Mutant | -9/Mines Scavenger-Mutant | -8/Materials Scavenger-Mutant | -8/Garrison Resources | -11 -10 -10 -10 -9 -8 -8 ----------- Run | Scr Mat Min Exi Min Mat Gar Matter Collected 1250 | 243 53 410 . 40 404 100 Remotely . | . . . . . . . Salvage Created 2043 | 78 53 543 . 74 1279 16 Parts 108 | 5 3 26 . 15 57 2 Haulers Intercepted 2 | . 1 . . . 1 . Recyclers Shooed 4 | . . 2 . . 2 . Parts Field Recycled . | . . . . . . . Retrieved Matter . | . . . . . . . Parts Self-Destructed . | . . . . . . . Prevented . | . . . . . . . Kills | -11 -10 -10 -10 -9 -8 -8 ------- Run | Scr Mat Min Exi Min Mat Gar Combat Hostiles Destroyed 32 | . . 7 . 3 21 1 Melee 6 | . . . . . 5 1 Guns 15 | . . 7 . 2 6 . AOE 10 | . . . . 1 9 . Classes Destroyed 11 | 2 1 3 . 2 2 1 Worker 8 | . . 2 . . 6 . Builder 3 | . . . . 1 2 . Tunneler 3 | 1 . 1 . 1 . . Hauler 2 | . 1 . . . 1 . Recycler 6 | 1 . 2 . . 3 . Watcher 2 | . . . . . 2 . Swarmer 8 | . . . . 3 5 . Saboteur 1 | . . . . . . 1 Grunt 17 | . . 6 . . 11 . Sentry 5 | . . 1 . . 4 . Hunter 1 | . . . . . 1 . Best Kill Streak 9 | 2 1 4 . 4 9 1 Combat Bots Only 6 | . . 3 . 3 6 1 Max Kills in Single Turn 3 | 1 1 1 . 3 3 1 Gunslinging . | . . . . . . . Exploded 3 | . . . . 1 3 . Melee 1 | . . . . . 1 1 Uniques/NPCs Destroyed . | . . . . . . . Combat | -11 -10 -10 -10 -9 -8 -8 -------- Run | Scr Mat Min Exi Min Mat Gar Damage Taken 3179 | . . 892 . 71 1700 516 Core 699 | . . 123 . 23 318 235 Absorbed by Shields . | . . . . . . . Core Remaining (%) 70 | 100 . . . 41 . . Volleys Fired 137 | 10 7 49 . 10 61 . Largest 2 | 1 2 2 . 2 2 . Hottest 121 | 20 40 85 . 86 121 . Shots Fired 208 | 10 14 92 . 11 81 . Gun 175 | 10 14 88 . 10 53 . Cannon . | . . . . . . . Launcher 33 | . . 4 . 1 28 . Special . | . . . . . . . Kinetic 104 | 10 14 80 . . . . Thermal 71 | . . 8 . 10 53 . Explosive 13 | . . 4 . 1 8 . Electromagnetic 20 | . . . . . 20 . Robot Hit Streak 17 | 5 8 17 . 2 10 . Robot Miss Streak 6 | 1 1 3 . 6 2 . Penetration Max . | . . . . . . . Secondary Targets 2 | . . 2 . . . . Max Gunslinging Chain 1 | . . 1 . . . . Shots Hit Robots 169 | 9 11 61 . 3 85 . Core Hits 93 | 3 2 24 . 6 58 . Critical Hits 2 | . . . . . 2 . Critical Kills 1 | . . . . . 1 . Critical Parts Destroyed 1 | . . . . . 1 . Melee Attacks 35 | . . . . . 30 5 Thermal 4 | . . . . . . 4 Impact . | . . . . . . . Slashing 31 | . . . . . 30 1 Piercing . | . . . . . . . Sneak Attacks 5 | . . . . . 5 . Combat Hostiles . | . . . . . . . Follow-up Attacks . | . . . . . . . Damage Inflicted 4540 | 112 124 786 . 167 3351 . Guns 1692 | 112 124 786 . 73 597 . Cannons . | . . . . . . . Explosions 1600 | . . . . 94 1506 . Melee 1248 | . . . . . 1248 . Ramming . | . . . . . . . Kinetic 913 | 112 124 677 . . . . Thermal 838 | . . 109 . 73 656 . Explosive 822 | . . . . 94 728 . Electromagnetic 719 | . . . . . 719 . Impact . | . . . . . . . Slashing 1248 | . . . . . 1248 . Piercing . | . . . . . . . Highest Corruption 3 | . 1 1 1 1 3 3 Average Corruption 1 | . 1 1 1 1 2 3 Corruption Purged . | . . . . . . . Effects 14 | . . 2 4 2 4 2 Message Errors 4 | . . 1 2 . 1 . Matter Fused 2 | . . . . . 1 1 Heat Flow Errors 1 | . . . . . . 1 Energy Discharges 3 | . . . 2 1 . . Data Loss (minor) 2 | . . . . 1 1 . Targeting Errors 2 | . . 1 . . 1 . Overload Shots . | . . . . . . . Overflow Damage 177 | . . . . . 177 . Projectiles . | . . . . . . . Explosions 44 | . . . . . 44 . Melee 133 | . . . . . 133 . Knockbacks . | . . . . . . . Impact . | . . . . . . . Kinetic . | . . . . . . . Secondary . | . . . . . . . Self-Inflicted Damage 91 | . . . . . 91 . Shots 6 | . . . . . 6 . Rammed . | . . . . . . . Targets Rammed . | . . . . . . . Kicked . | . . . . . . . Crushed . | . . . . . . . Highest Temperature 246 | . . 246 . 110 45 218 Average Temperature 54 | . . 68 . 55 14 134 Received Heat Transfer 1290 | . . 426 . . 558 306 Siege Activations . | . . . . . . . Robots Corrupted . | . . . . . . . Combat Hostiles . | . . . . . . . Parts Fried 5 | . . . . . 5 . Impact Corruptions . | . . . . . . . Robots Melted 1 | . . . . . 1 . Combat Hostiles 1 | . . . . . 1 . Parts Melted 3 | . . . . . 3 . Heat Transferred 2061 | . . 259 . 185 1617 . Parts Sabotaged 10 | . . . . . . 10 Parts Stolen . | . . . . . . . Parts Stripped . | . . . . . . . Power Chain Reactions 2 | . . . . . 2 . Missiles Intercepted . | . . . . . . . Alert | -11 -10 -10 -10 -9 -8 -8 ------- Run | Scr Mat Min Exi Min Mat Gar Peak Influence 497 | 10 13 125 . 95 497 343 Initial 323 | . 6 4 . . 37 323 Average 95 | 7 7 39 . 15 231 330 Maximum Alert Level 2 | . . . . . 2 1 Low Security (%) 79 | 100 100 100 . 100 40 . Level 1 15 | . . . . . 41 100 Level 2 4 | . . . . . 17 . Level 3 . | . . . . . . . Level 4 . | . . . . . . . Level 5 . | . . . . . . . High Security . | . . . . . . . Max Security . | . . . . . . . Squads Dispatched 4 | . . . . . 4 . Investigation 2 | . . . . . 2 . Extermination . | . . . . . . . Reinforcement 2 | . . . . . 2 . Assault . | . . . . . . . Garrison . | . . . . . . . Intercept . | . . . . . . . Construction Impeded 2 | . . . . . 2 . Haulers Reinforced . | . . . . . . . Stealth | -11 -10 -10 -10 -9 -8 -8 --------- Run | Scr Mat Min Exi Min Mat Gar Distress Signals 3 | . . . . . 3 . Communications Jammed . | . . . . . . . Distress Signals . | . . . . . . . Times Spotted 46 | . . 8 . 3 29 6 Peak Tracking Total 6 | . . 4 . 3 4 6 Tactical Retreats 2 | . . . . . 2 . Traps | -11 -10 -10 -10 -9 -8 -8 ------- Run | Scr Mat Min Exi Min Mat Gar Traps Triggered 3 | . 1 . . . 1 1 Indirectly . | . . . . . . . Trap Hack Attempts . | . . . . . . . Triggered . | . . . . . . . Disarmed . | . . . . . . . Reprogrammed . | . . . . . . . Reused . | . . . . . . . Traps Extracted . | . . . . . . . Installed . | . . . . . . . Triggered . | . . . . . . . Machines | -11 -10 -10 -10 -9 -8 -8 ---------- Run | Scr Mat Min Exi Min Mat Gar Machines Disabled 4 | . . . . 1 3 . Max in Single Turn 1 | . . . . 1 1 . Machines Sabotaged . | . . . . . . . Garrisons Compromised . | . . . . . . . Overloaded Fab Kills . | . . . . . . . Fab Network Shutdowns . | . . . . . . . Hacking | -11 -10 -10 -10 -9 -8 -8 --------- Run | Scr Mat Min Exi Min Mat Gar Machines Accessed 7 | . 1 1 1 . 4 . Terminals 5 | . 1 1 . . 3 . Fabricators . | . . . . . . . Repair Stations . | . . . . . . . Recycling Units . | . . . . . . . Scanalyzers . | . . . . . . . Garrison Access 1 | . . . . . 1 . Total Hacks 11 | . 4 1 1 . 5 . Successful 5 | . . 1 1 . 3 . Failed 6 | . 4 . . . 2 . Catastrophic 2 | . 1 . . . 1 . Database Lockouts . | . . . . . . . Manual 2 | . . 1 1 . . . Terminals 9 | . 4 1 . . 4 . Fabricators . | . . . . . . . Repair Stations . | . . . . . . . Recycling Units . | . . . . . . . Scanalyzers . | . . . . . . . Garrison Access 1 | . . . . . 1 . Terminal Hacks 4 | . . 1 1 . 2 . Record 1 | . . 1 . . . . Maintenance Status 1 | . . . . . 1 . Zone Layout 1 | . . . . . 1 . EX-Prototype ID Bank 1 | . . . 1 . . . Fabricator Hacks . | . . . . . . . Repair Station Hacks . | . . . . . . . Recycling Unit Hacks . | . . . . . . . Scanalyzer . | . . . . . . . Garrison Access Hacks 1 | . . . . . 1 . Unlock Access 1 | . . . . . 1 . Unauthorized Hacks . | . . . . . . . Terminals . | . . . . . . . Fabricators . | . . . . . . . Repair Stations . | . . . . . . . Recycling Units . | . . . . . . . Scanalyzers . | . . . . . . . Garrison Access . | . . . . . . . Data Cores Recovered . | . . . . . . . Used . | . . . . . . . Hacking Detections 4 | . 1 1 . . 2 . Full Trace Events 1 | . . . . . 1 . Feedback Events . | . . . . . . . Feedback Blocked . | . . . . . . . Robot Schematics Acquired . | . . . . . . . Robots Built . | . . . . . . . Matter . | . . . . . . . Time . | . . . . . . . Total Robot Build Rating . | . . . . . . . Part Schematics Acquired . | . . . . . . . Parts Built . | . . . . . . . Matter . | . . . . . . . Time . | . . . . . . . Total Part Build Rating . | . . . . . . . Parts Repaired . | . . . . . . . Time . | . . . . . . . Parts Recycled . | . . . . . . . Recycled Matter . | . . . . . . . Retrieved Matter . | . . . . . . . Retrieved Components . | . . . . . . . Parts Scanalyzed . | . . . . . . . Part Schematics Acquired . | . . . . . . . Parts Damaged . | . . . . . . . Bothacking | -11 -10 -10 -10 -9 -8 -8 ------------ Run | Scr Mat Min Exi Min Mat Gar Used RIF Installer . | . . . . . . . Robots Hacked . | . . . . . . . Non-combat . | . . . . . . . Combat . | . . . . . . . Robot Hacks Applied . | . . . . . . . Relay Couplers Released . | . . . . . . . Robots Rewired . | . . . . . . . Allies Hacked . | . . . . . . . Hacks Repelled . | . . . . . . . Allies | -11 -10 -10 -10 -9 -8 -8 -------- Run | Scr Mat Min Exi Min Mat Gar Total Allies . | . . . . . . . Largest Group . | . . . . . . . Highest-Rated Group . | . . . . . . . Highest-Rated Ally . | . . . . . . . Total Orders . | . . . . . . . Ally Attacks . | . . . . . . . Total Damage . | . . . . . . . Kills . | . . . . . . . Allies Corrupted . | . . . . . . . Allies Melted . | . . . . . . . Intel | -11 -10 -10 -10 -9 -8 -8 ------- Run | Scr Mat Min Exi Min Mat Gar Robot Analysis Total . | . . . . . . . Derelict Logs Recovered 3 | . . 1 . 2 . . Drone Launches . | . . . . . . . Drone Recoveries . | . . . . . . . Exploration | -11 -10 -10 -10 -9 -8 -8 ------------- Run | Scr Mat Min Exi Min Mat Gar Turns Passed 3406 | 116 180 1096 554 568 757 135 Spaces Moved 1734 | 51 97 576 345 338 271 56 Core 5 | 3 . . . . . 2 Treads 1595 | 48 97 576 345 338 191 . Legs 132 | . . . . . 80 52 Wheels . | . . . . . . . Hover . | . . . . . . . Flight 2 | . . . . . . 2 Fastest Speed 50 | 50 160 160 160 160 120 150 Average Speed 160 | 153 160 160 160 160 156 183 Slowest Speed 600 | 160 160 160 160 160 210 600 Overloaded Moves . | . . . . . . . Propulsion Burnouts . | . . . . . . . Robots Hopped . | . . . . . . . Cave-ins Triggered . | . . . . . . . Exploration Rate (%) 40 | 5 17 89 61 77 24 12 Regions Visited 6 Branch Regions 3 Pre-discovered Areas . | . . . . . . . Known Exits Taken 1 | . . . . . 1 . Unknown Exits Taken 5 | 1 1 1 1 1 . . Scrap Searched 2 | . . 1 . 1 . . Spaces Dug 41 | . . 35 . . 6 . Terrain Destroyed 122 | . . 35 . 4 83 . Melee . | . . . . . . . Projectile . | . . . . . . . AOE 122 | . . 35 . 4 83 . Terrain Rammed . | . . . . . . . Walls Destroyed . | . . . . . . . Machines Disabled . | . . . . . . . Actions | -11 -10 -10 -10 -9 -8 -8 --------- Run | Scr Mat Min Exi Min Mat Gar Total 2121 | 79 108 662 347 354 492 79 Wait 84 | . . 7 . . 77 . Move 1729 | 50 96 575 344 337 271 56 Hop . | . . . . . . . Pick Up 56 | 12 3 10 2 3 19 7 Fast Attach 2 | . . 1 . . 1 . Attach 42 | 7 . 5 . . 20 10 Detach 1 | . . . . . 1 . Swap 17 | . 1 6 1 2 6 1 Drop 18 | . 1 9 . 2 6 . Fire 137 | 10 7 49 . 10 61 . Melee 35 | . . . . . 30 5 Ram . | . . . . . . . Kick . | . . . . . . . Crush . | . . . . . . . Escape Stasis . | . . . . . . . Rewire . | . . . . . . . Trap . | . . . . . . . Miscellaneous . | . . . . . . . Route ------- -11/Scrapyard -10/Materials -10/Mines (discovered 3 exits: *Mat x2 / *Exi) -10/Exiles (discovered 2 exits: [*Min x2]) -9/Mines -8/Materials -8/Garrison History --------- Turn | Location | Event 42 | -11/Scrapyard | Discovered new exit (range 12) 117 | -11/Scrapyard | Entered Materials 205 | -10/Materials | Discovered new exit (range 9) 297 | -10/Materials | Entered Mines 317 | -10/Mines | Build established: Mutant 419 | -10/Mines | Discovered new exit (range 7) 508 | -10/Mines | Identified exit to Materials 604 | -10/Mines | Deemed a non-threat by the Exiles lab entrance 605 | -10/Mines | Discovered new exit (range 5) 827 | -10/Mines | Lost 3 parts (1p2w) 944 | -10/Mines | YI-UF0 nonchalantly dropped a Grenade Launcher on the ground 1070 | -10/Mines | Build established: Scavenger-Mutant 1393 | -10/Mines | Entered Exiles 1432 | -10/Exiles | Met 8R-AWN 1459 | -10/Exiles | Met EX-HEX 1505 | -10/Exiles | Met EX-BIN 1523 | -10/Exiles | Aligned with FarCom system 1525 | -10/Exiles | Given EX-Vault access code 1561 | -10/Exiles | Opened EX-Vault 1571 | -10/Exiles | Found Cloak of Protection 1604 | -10/Exiles | Warned to stay clear of 0b10 Research branches 1647 | -10/Exiles | Met EX-DEC 1763 | -10/Exiles | Discovered new exit (range 10) 1927 | -10/Exiles | Discovered new exit (range 14) 1947 | -10/Exiles | Left Exiles lab with Cloak of Protection 1947 | -10/Exiles | Entered Mines 2048 | -9/Mines | Learned Materials stockpile data 2290 | -9/Mines | Learned Materials garrison access intel 2304 | -9/Mines | A weapon hastily lodged in a ceiling crevice suddenly fell to the ground 2414 | -9/Mines | Discovered new exit (range 9) 2418 | -9/Mines | Core integrity fell below 50% 2515 | -9/Mines | Entered Materials 2515 | -8/Materials | Evolved 4 slots: Propulsion x1, Utility x3 2516 | -8/Materials | Loaded intel: 1 garrison access location 3094 | -8/Materials | Lost 3 parts (2n1w) 3095 | -8/Materials | Core integrity fell below 50% 3183 | -8/Materials | Lost 3 parts (1p1n1w) 3272 | -8/Materials | Identified exit to Garrison 3272 | -8/Materials | Entered Garrison 3358 | -8/Garrison | Core integrity fell below 20% 3407 | -8/Garrison | Destroyed by G-47 Trooper with Particle Gun Last Messages --------------- 03342_ Mak. Sword crushed and broken. 03342_ Mni. Grenade Launcher blown off. 03342_ Mni. Grenade Launcher crushed and broken. 03342_ Targeting Computer blown off. 03342_ Terrain Scan Processor blown off. 03342_ E-15 Imp destroyed. 03343_ Lgt. EM Pulse Cannon blown off. 03343_ Lgt. EM Pulse Cannon crushed and broken. 03343_ E-15 Imp destroyed. 03349_ Acquired Segregator. 03351_ System corrupted: Matter fused (-8). 03363_ Acquired Cesium-ion Thruster. 03378_ Acquired Aluminum Leg. 03385_ Segregator destroyed. 03388_ Acquired Cloak of Protection. 03391_ Acquired Aluminum Leg. 03395_ Extracted 100 matter. 03398_ System corrupted: Heat flow error (+292). 03398_ Utility Shielding destroyed. 03401_ Acquired Imp. Ion Engine. Map ----- +----------------------------------------------------+ | ???????????????????????????????????????????? | | ???????????????????????????????????????????? | | ???????????????????????????????????????????? | | ???????????????????????????????????????????? | | ???????????????????????????????????????????? | | ???????????????????????????????????????????? | | ???????????????????????????????????????????? | | ???????????????????????????????????????????? | | ???????????????????????????????????????????? | | ???????????????????????????????????????????? | | ???????????????????????????????????????????? | | ???????????????????????????????????????????? | | ???????????????????????????????????????????? | | ???????????????????????????????????????????? | | ???????#####???????????????????????????????? | | ??????? ???????????????????????????????? | | ???????? ????????####???????????????????? | | ???????? ??????### #???????????????????? | | ????????# #?????#"# "???????????????????? | | ????????# #?????#" "???????????????????? | | ????????# #??????" "???????????????????? | | ????????# #??????? "???????????????????? | | ????????# #???????# "???????????????????? | | ????????# #???????# #?????####??????????? | | ????????# ######### ####### !##?????????? | | ????????# @= ## !#?????????? | | ????????# =%%=gg%!!#?????????? | | ????????# ###############+##!!##?????????? | | ????????# #?????????????#??####??????????? | | ????????# #??????????????????????????????? | | ????????# #??????????????????????????????? | | ????????# #??????????????????????????????? | | ????????# #??????????????????????????????? | | ????????# #??????????????????????????????? | | ????????# #??????????????????????????????? | | ????????# #??????????????????????????????? | | ????????# #??????????????????????????????? | | ????????# #??????????????????????????????? | | ????????# #??????????????????????????????? | | ????????# #??????????????????????????????? | | ????????# #??????????????????????????????? | | ????????# #??????????????????????????????? | | ????????# #??????????????????????????????? | | ????????# #??????????????????????????????? | | ????????# #??????????????????????????????? | | ????????# #??????????????????????????????? | | ????????# ###????????????????????????????? | | ????????# #????????????????????????????? | | ????????# #????????????????????????????? | | ????????# #????????????????????????????? | +----------------------------------------------------+ Best States ------------- Heat Dissipation 85 Energy Generation 14 Energy Capacity 400 Matter Stores 300 Matter Capacity 300 Sight Range 16 Terrain Scan Range 16 Terrain Scan Density 85 Cloak Strength 5 Utility Shielding 33 Evasion (%) 40 Targeting Accuracy 5 Recoil Reduction 3 Item Schematics ----------------- None Robot Schematics ------------------ None Fabricated ------------ Nothing Alien Tech Used ----------------- None Achievements -------------- None Challenges ------------ None Game ------ Seed CoolantBehemothCutter Manual? 0 Play Time 00:27:00 Cumulative 19.9 hours Start 2021.07.13 @ 15:06:52 End 2021.07.13 @ 17:05:05 Sessions 1 Manual Loads 0 Difficulty Rogue Special Mode None Game No. 32 Rogue 32 Adventurer 0 Explorer 0 Win Type - Total 0 Types 0/0/0/0/0/0/0/0/0 Lore% 19 Gallery% 30 Achievement% 19 Wizard Run 0 Options --------- ASCII 0 Keyboard 0 Movement Mouse Keybinds 0 Fullscreen 2 Font 18/SmallcapsGlow Map View 76x50 Tactical HUD 1 Map Filters NONE Filters NONE Steam 1 RUN: 9fcdcd07-08f9-4c1a-8ae8-28346797f83a